cohdb
Replays
Latest Replays
All Replays
Popular Replays
Top Player Replays
Match Explorer
How It Works
Community
CoH3 Stats
Reddit
Sign in to upload your games and track your stats! →
Sign in with Steam
Match 45871752
Unlisted
Match 45871752
Overview
Messages
Build Orders
End
Kradschützen Motorcycle Team
250 Light Carrier
250 Light Carrier
Selects Panzerjäger Kommand Battlegroup
Selects Mine Fields
Panzerpioneer Squad
Construct Light Support Kompanie
Combat Half-tracks
250 Light Carrier
Advanced Field Repairs
Panzerjäger Mechanized Group
Fire Support Elements
Vehicle Survival Package
Selects Tank Busters
Construct Panzerarmee Kommand
Tungsten Core Ammunition
Emergency Repair Kits
Selects Defensive Positions
Selects Butterfly Bomb Drop
Panzer III L Medium Tank
Assault Mechanized Group
Rapid Advance
Pak 38 Anti-tank Gun Team
Selects Crew Shock Tactics
Honey
khj
Zebra
스팀계정족같네
Kwartjuh
Joda
Dylan
NoName
0
0
Comments
sign in to comment!
No comments posted yet!